 Dungeon Crawl Stone Soup version 0.29-a0-338-g1ff7896281 (webtiles) character file.

Game seed: 7039054217471439142

168177 siradein the Warrior (level 17, -2/156 HPs)
             Began as a Ghoul Fighter on Apr 19, 2022.
             Was a Believer of Uskayaw.
             Slain by a black mamba (7 damage)
             ... on level 2 of the Snake Pit.
             The game lasted 01:55:01 (38725 turns).

siradein the Warrior (Ghoul Fighter)               Turns: 38725, Time: 01:55:02

Health: -2/156     AC: 30    Str: 33    XL:     17   Next: 94%
Magic:  27/27      EV:  9    Int:  2    God:    Uskayaw [**....]
Gold:   918        SH: 17    Dex: 13    Spells: 16/16 levels left

rFire   . . .      SeeInvis +     - Unarmed
rCold   + . .      Faith    .   W - +0 tower shield {rN+}
rNeg    + + +      Spirit   .   B - +4 plate armour
rPois   ∞          Reflect  .   G - +2 hat {SInv}
rElec   .          Harm     .   D - +2 cloak
rCorr   +          Rampage  .   (no gloves)
Will    +++++                   V - +0 pair of boots of Beogh's Esteem {Will+++ Str+7 Int-4 Slay+2}
Stlth   ..........              N - necklace of Bloodlust {*Rage Will++ Int-3 Slay+6}
HPRegen 0.00/turn               U - +4 ring of protection
MPRegen 0.20/turn               e - ring "Faosif" {rCorr Int+6 Dex+3 Slay+3}

@: inhibited regen, studying Invocations
A: claws 1, cold resistance 1, negative energy resistance 3, inhibited
regeneration, torment resistance 2, devour on kill
a: Renounce Religion, Stomp, Line Pass


You were on level 2 of the Snake Pit.
You worshipped Uskayaw.
Uskayaw was pleased with you.
You visited 6 branches of the dungeon, and saw 29 of its levels.

You collected 2863 gold pieces.
You spent 1945 gold pieces at shops.

Inventory:

Missiles
 a - 4 throwing nets
 P - 5 curare-tipped darts
Armour
 B - a +4 plate armour (worn)
 D - a +2 cloak (worn)
 G - a +2 hat of see invisible (worn)
 V - the +0 pair of boots of Beogh's Esteem (worn) {Will+++ Str+7 Int-4 Slay+2}
   (You bought it in a shop on level 4 of the Dungeon)

   Str:       It affects your strength (+7).
   Int:       It affects your intelligence (-4).
   Slay:      It affects your accuracy & damage with ranged weapons and melee
   (+2).
   Will:      It greatly increases your willpower.
 W - a +0 tower shield of positive energy (worn)
Jewellery
 e - the ring "Faosif" (right claw) {rCorr Int+6 Dex+3 Slay+3}
   (You acquired it on level 9 of the Dungeon)

   [ring of intelligence]

   Int:       It affects your intelligence (+6).
   Dex:       It affects your dexterity (+3).
   Slay:      It affects your accuracy & damage with ranged weapons and melee
   (+3).
   rCorr:     It protects you from acid and corrosion.
 h - a ring of fire
 u - a ring of wizardry
 J - a ring of protection from cold
 L - a ring of protection from cold
 M - an amulet of magic regeneration
 N - the necklace of Bloodlust (around neck) {*Rage Will++ Int-3 Slay+6}
   (You found it on level 10 of the Dungeon)

   [amulet of nothing]

   It extends the wearer's berserk rage when killing foes.
   Int:       It affects your intelligence (-3).
   Slay:      It affects your accuracy & damage with ranged weapons and melee
   (+6).
   *Rage:     It berserks you when you make melee attacks (+50% chance).
   Will:      It greatly increases your willpower.
 R - an amulet of the acrobat
 U - a +4 ring of protection (left claw)
Wands
 r - a wand of flame (63) (quivered)
 t - a wand of digging (17)
 z - a wand of paralysis (30)
 A - a wand of acid (15)
 E - a wand of mindburst (30)
 H - a wand of polymorph (6)
 I - a wand of iceblast (7)
Scrolls
 d - 5 scrolls of blinking
 g - a scroll of torment
 i - 8 scrolls of fear
 j - 4 scrolls of immolation
 l - 4 scrolls of summoning
 o - 9 scrolls of fog
 p - 15 scrolls of teleportation
 q - 5 scrolls of enchant weapon
 y - a scroll of brand weapon
 C - 4 scrolls of amnesia
 F - 5 scrolls of magic mapping
 K - 16 scrolls of identify
 S - 2 scrolls of silence
Potions
 b - a potion of magic
 c - 7 potions of heal wounds
 f - 3 potions of brilliance
 k - 7 potions of attraction
 m - 9 potions of flight
 s - 12 potions of curing
 v - 3 potions of resistance
 x - 15 potions of ambrosia
 O - 5 potions of might
 Q - 3 potions of cancellation
 T - 2 potions of invisibility
Miscellaneous
 w - a phial of floods


   Skills:
 + Level 15.0 Fighting
 + Level 12.7 Armour
 + Level 6.8 Dodging
 + Level 12.7 Shields
 + Level 14.7 Unarmed Combat
 + Level 14.8 Invocations
 + Level 10.5 Evocations


You had 16 spell levels left.
You didn't know any spells.
Your spell library contained the following spells:

 Spells                   Type           Power      Damage    Failure   Level
 Animate Skeleton         Necr           0%         N/A       100%        1
 Apportation              Tloc           0%         N/A       100%        1
 Foxfire                  Conj/Fire      0%         2x1d4     100%        1
 Slow                     Hex            0%         N/A       100%        1
 Summon Small Mammal      Summ           0%         N/A       100%        1
 Ensorcelled Hibernation  Hex/Ice        0%         N/A       100%        2
 Scorch                   Fire           0%         2d5       100%        2
 Call Canine Familiar     Summ           0%         N/A       100%        3
 Confusing Touch          Hex            0%         N/A       100%        3
 Conjure Flame            Conj/Fire      0%         6-21      100%        3
 Dazzling Flash           Conj/Hex       0%         N/A       100%        3
 Gell's Gravitas          Tloc           0%         N/A       100%        3
 Ignite Poison            Fire/Tmut/Pois 0%         N/A       100%        3
 Inner Flame              Hex/Fire       0%         N/A       100%        3
 Lesser Beckoning         Tloc           0%         N/A       100%        3
 Mephitic Cloud           Conj/Pois/Air  0%         N/A       100%        3
 Portal Projectile        Hex/Tloc       0%         N/A       100%        3
 Teleport Other           Tloc           0%         N/A       100%        3
 Vampiric Draining        Necr           0%         2d6       100%        3
 Anguish                  Hex/Necr       0%         N/A       100%        4
 Animate Dead             Necr           0%         N/A       100%        4
 Cause Fear               Hex            0%         N/A       100%        4
 Flame Wave               Conj/Fire      0%         2d4       100%        4
 Iskenderun's Mystic Bla  Conj/Tloc      0%         2d3       100%        4
 Leda's Liquefaction      Hex/Erth       0%         N/A       100%        4
 Sticky Flame             Conj/Fire      0%         2d3       100%        4
 Borgnjor's Vile Clutch   Necr/Erth      0%         N/A       100%        5
 Freezing Cloud           Conj/Ice/Air   0%         6-21      100%        5
 Summon Forest            Summ/Tloc      0%         N/A       100%        5
 Death Channel            Necr           0%         N/A       100%        6
 Eringya's Noxious Bog    Tmut/Pois      0%         N/A       100%        6
 Starburst                Conj/Fire      0%         6d3       100%        6
 Summon Cactus Giant      Summ           0%         N/A       100%        6
 Summon Hydra             Summ           0%         N/A       100%        7
 Discord                  Hex            0%         N/A       100%        8
 Spider Form              Tmut/Pois      Unusable   N/A       N/A         3

Dungeon Overview and Level Annotations

Branches:
Dungeon (15/15)            Temple (1/1) D:6            Lair (6/6) D:10
  Swamp (1/4) Lair:2        Snake (4/4) Lair:3        Slime (0/5) Lair:5
    Orc (2/2) D:10            Elf (0/3) Orc:2        Vaults (0/5) D:13
 Depths (0/4) D:15

Altars:
Cheibriados
Gozag
Hepliaklqana
Makhleb
Nemelex Xobeh
Okawaru
Sif Muna
Uskayaw
Vehumet
Wu Jian
Xom
Yredelemnul
Zin
The Shining One
Beogh

Shops:
D:1 =   D:4 **(   D:5 (   Orc:2 [?=!   Snake:1 [   Snake:3 *

Annotations:
D:14 6 transporters


Innate Abilities, Weirdness & Mutations

You are immune to poison.
You have sharp fingernails.
Your flesh is cold resistant. (rC+)
You are immune to negative energy. (rN+++)
You do not regenerate when monsters are visible.
You are immune to unholy pain and torment.
You thrive by killing the living.


Message History

You block the black mamba's attack. The naga spits poison at you.
The splash of poison hits you but does no damage.
You resist. You block the black mamba's attack.
You block the salamander mystic's attack.
There is a stone staircase leading up here.
You block the black mamba's attack. The black mamba bites you.
* * * LOW HITPOINT WARNING * * *
The salamander mystic hits you with a +0 quarterstaff!
* * * LOW HITPOINT WARNING * * *
You are engulfed in flames!
* * * LOW HITPOINT WARNING * * *
You climb upwards.
There is a stone staircase leading down here.
Blink to where?
Press: ? - help, Dir - move target
As you read the scroll of blinking, it crumbles to dust.
There is a stone staircase leading up here.
The black mamba completely misses you.
The black mamba bites you but does no damage.
You block the black mamba's attack.
You climb upwards.
There is a stone staircase leading down here.
You claw the black mamba!
The black mamba is lightly wounded.
You block the black mamba's attack.
The black mamba bites you but does no damage.
You block the black mamba's attack.
You closely miss the black mamba.
The black mamba is lightly wounded.
You block the black mamba's attack. x2
You mangle the black mamba!!
The black mamba is almost dead.
You block the black mamba's attack. x2
The black mamba bites you but does no damage.
You can now pass through a line of other dancers.
You barely miss the black mamba.
The black mamba is almost dead.
The black mamba bites you!
You die...

####.......####.###.#
...........##.....#.#
...........##.#####.#
...........'.....##.#
...........########.#
....#+##'####.......#
......##.# #.#######
##.##.##.####.########
...............S@....#
.........####.######.#
###.#.#..####.### #[#
###......#......# #.#
....#.#..#.##.#.# #.#
###.#.#.......#.# #.#
....#.#....#..#.# #.#
#.#........#....####.#
#.###................#


You could see a black mamba (fast).

Vanquished Creatures
  Gastronok (D:9)
  Kirke (D:14)
  Frances (Snake:1)
  2 nagarajas (Snake:4)
  An orc warlord (Orc:2)
  A dire elephant (D:15)
  Snorg (Orc:1)
  An ettin (Orc:2)
  5 hydras
  Harold (Lair:2)
  2 salamander tyrants (Snake:4)
  7 anacondas
  11 naga warriors
  12 two-headed ogres
  An ogre mage (D:15)
  A catoblepas (Lair:6)
  Erica (D:9)
  3 centaur warriors
  A deep troll shaman (Lair:6)
  7 death yaks
  5 orc high priests (Orc:2)
  4 shock serpents
  3 tengu warriors
  8 naga sharpshooters
  3 spriggans (Swamp:1)
  Amaemon (D:9)
  Sonja (Lair:2)
  The ghost of spaghetti the Covert, a novice OpNe of Uskayaw (D:6)
  2 salamander mystics (Snake:4)
  5 skeletal warriors (D:15)
  2 deep trolls
  5 naga ritualists
  A wizard (D:13)
  A wolf spider (D:15)
  6 mana vipers
  Pikel (D:9)
  8 orc knights
  4 deep elf pyromancers
  6 manticores
  3 orc sorcerers (Orc:2)
  2 ugly things
  A will-o-the-wisp (Swamp:1)
  24 salamanders
  An oklob plant (Lair:4)
  2 cyclopes (D:15)
  15 naga magi
  3 guardian serpents
  An orange demon (D:9)
  37 black mambas
  11 elephants
  A torpor snail (Lair:6)
  14 cane toads
  An unseen horror (D:12)
  4 rime drakes
  A tengu conjurer (D:15)
  2 kobold demonologists
  13 komodo dragons
  A queen bee (D:11)
  3 polar bears
  5 hornets
  9 trolls
  13 slime creatures
  20 blink frogs
  Sigmund (D:5)
  A jumping spider (shapeshifter) (D:15)
  6 wyverns
  A water elemental (D:14)
  41 yaks
  2 vampires
  2 wraiths
  3 hogs (D:14)
  5 basilisks
  A hog (shapeshifter) (D:14)
  Grum (D:9)
  16 humans (D:13)
  A steam dragon (D:10)
  19 vampire mosquitoes
  29 nagas
  2 swamp worms
  9 wargs
  2 acid dragons
  14 water moccasins
  A swamp drake (Swamp:1)
  43 orc warriors
  A sky beast (D:7)
  5 black bears
  2 ice beasts
  11 ogres
  18 wolves
  10 centaurs
  2 phantoms (D:5)
  3 kobold brigands
  2 necrophages (D:4)
  20 bullfrogs
  3 scorpions
  4 wights
  35 killer bees
  3 electric eels
  4 howler monkeys (D:9)
  A crimson imp (D:10)
  10 jellies
  2 hounds
  22 orc priests
  4 gnoll shamans
  4 iguanas
  6 hell rats
  18 orc wizards
  7 adders
  21 gnolls
  A shadow imp (D:7)
  2 white imps (D:6)
  An ufetubus (D:5)
  A worm (D:3)
  A dart slug (D:4)
  88 orcs
  9 ball pythons
  13 endoplasms
  4 giant cockroaches
  2 goblins
  8 hobgoblins
  2 jackals (D:1)
  20 kobolds
  5 quokkas
  2 bats (D:2)
  6 frilled lizards
  6 rats
  A butterfly (Lair:3)
905 creatures vanquished.

Vanquished Creatures (others)
  A naga warrior (Snake:4)
  A salamander mystic (Snake:4)
  10 foxfires (Swamp:1)
  24 fungi
  40 plants
76 creatures vanquished.

Grand Total: 981 creatures vanquished

Notes
Turn   | Place    | Note
-------+----------+-------------------------------------------
     0 | D:1      | siradein the Ghoul Fighter began the quest for the Orb.
     0 | D:1      | Reached XP level 1. HP: 19/19 MP: 0/0
   140 | D:1      | Reached XP level 2. HP: 25/26 MP: 1/1
   266 | D:1      | Found a faded altar of an unknown god.
   344 | D:1      | Found Pasul's Jewellery Boutique.
   599 | D:1      | Reached XP level 3. HP: 31/31 MP: 2/2
  1187 | D:2      | Reached XP level 4. HP: 34/40 MP: 3/3
  1500 | D:2      | Identified the +3 short sword "Unug" {holy, *Rage rF+
                  | Stlth+}
  1849 | D:3      | Reached skill level 4 in Fighting
  1872 | D:3      | Found a shimmering blue altar of Sif Muna.
  2865 | D:4      | Noticed an ogre
  2878 | D:4      | Killed an ogre
  2879 | D:4      | Reached XP level 5. HP: 47/47 MP: 4/4
  2889 | D:4      | Found Wehoth's General Store.
  2892 | D:4      | Bought a scroll of identify for 20 gold pieces
  2893 | D:4      | Bought a scroll of fear for 35 gold pieces
  2893 | D:4      | Bought a potion of curing for 30 gold pieces
  2925 | D:4      | Found Rattirequn's Assorted Antiques.
  2948 | D:4      | Identified a scroll of acquirement
  2994 | D:4      | Reached XP level 6. HP: 41/53 MP: 5/5
  3477 | D:4      | Reached skill level 5 in Fighting
  3569 | D:4      | Found Ukhoc's Antique Weapon Boutique.
  3590 | D:4      | Reached XP level 7. HP: 42/61 MP: 6/6
  4103 | D:5      | Entered Level 5 of the Dungeon
  4208 | D:5      | Noticed Sigmund
  4223 | D:5      | Killed Sigmund
  4224 | D:5      | Reached skill level 5 in Unarmed Combat
  4235 | D:5      | Found Othissof's Antique Weapon Shoppe.
  4612 | D:5      | Reached XP level 8. HP: 64/70 MP: 7/7
  4822 | D:5      | Reached skill level 6 in Fighting
  4822 | D:5      | Reached skill level 5 in Shields
  4877 | D:5      | Reached skill level 5 in Armour
  5507 | D:6      | Found a staircase to the Ecumenical Temple.
  5711 | Temple   | Entered the Ecumenical Temple
  5740 | Temple   | Became a worshipper of Uskayaw the Reveller
  5763 | D:6      | Reached * piety under Uskayaw
  5865 | D:6      | Reached ** piety under Uskayaw
  5946 | D:6      | Found a runed translucent door.
  5946 | D:6      | Noticed spaghetti's ghost (novice OpNe)
  6110 | D:6      | Reached skill level 1 in Invocations
  6491 | D:6      | Reached *** piety under Uskayaw
  6787 | D:7      | Reached XP level 9. HP: 43/78 MP: 9/9
  6789 | D:7      | Reached **** piety under Uskayaw
  6791 | D:7      | Reached skill level 7 in Fighting
  6795 | D:7      | Reached ***** piety under Uskayaw
  6806 | D:7      | Noticed a deep elf pyromancer
  7626 | D:7      | Found an ornate altar of the Wu Jian Council.
  7948 | D:8      | Identified the +0 leather armour "Rahururph" {rF+}
  7978 | D:8      | Noticed a hornet
  8004 | D:8      | Killed a hornet
  8784 | D:8      | Noticed a red ugly thing
  8803 | D:8      | Killed a red ugly thing
  8804 | D:8      | Reached skill level 8 in Fighting
  8804 | D:8      | Reached XP level 10. HP: 40/88 MP: 12/12
  9192 | D:9      | Acquired the ring "Faosif" {rCorr Int+6 Dex+3 Slay+3}
  9220 | D:9      | Noticed Gastronok
  9253 | D:9      | Killed Gastronok
  9254 | D:9      | Reached skill level 5 in Invocations
  9417 | D:9      | Noticed Grum
  9449 | D:9      | Killed Grum
  9855 | D:9      | Noticed a two-headed ogre
  9900 | D:9      | Killed a two-headed ogre
  9901 | D:9      | Reached skill level 1 in Evocations
 10012 | D:9      | Noticed Amaemon
 10012 | D:9      | Noticed an orange demon
 10012 | D:9      | Noticed Erica
 10028 | D:10     | Entered Level 10 of the Dungeon
 10259 | D:10     | Found an opulent altar of Gozag.
 10283 | D:10     | Noticed an orc knight
 10301 | D:10     | Reached skill level 9 in Fighting
 10310 | D:10     | Killed an orc knight
 10311 | D:10     | Reached XP level 11. HP: 58/97 MP: 14/14
 10474 | D:10     | Found a staircase to the Orcish Mines.
 10709 | D:9      | Killed Amaemon
 11139 | D:9      | Killed Erica
 11387 | D:9      | Noticed Pikel
 11400 | D:9      | Killed Pikel
 11702 | D:10     | Reached ****** piety under Uskayaw
 12320 | D:10     | Found a staircase to the Lair.
 12670 | D:10     | Found a burning altar of Makhleb.
 12670 | D:10     | Found a shimmering altar of Xom.
 12743 | D:10     | Noticed a deep troll
 12743 | D:10     | Noticed a deep troll
 13136 | D:11     | Reached skill level 10 in Fighting
 13136 | D:11     | Reached skill level 10 in Unarmed Combat
 13136 | D:11     | Reached XP level 12. HP: 108/108 MP: 15/17
 13995 | D:11     | Reached XP level 13. HP: 115/115 MP: 18/18
 14001 | D:11     | Reached skill level 5 in Evocations
 14265 | D:11     | Reached skill level 11 in Fighting
 14664 | D:10     | Found the necklace of Bloodlust {*Rage Will++ Int-3 Slay+6}
 14726 | Lair:1   | Entered Level 1 of the Lair of Beasts
 15661 | Lair:2   | Found an iron altar of Okawaru.
 15783 | Lair:2   | Noticed Sonja
 15793 | Lair:2   | Killed Sonja
 16093 | Lair:2   | Noticed Harold
 16108 | Lair:2   | Killed Harold
 16296 | Lair:2   | Found a staircase to the Swamp.
 17873 | D:6      | Killed spaghetti's ghost
 18262 | Lair:3   | Reached skill level 10 in Armour
 18445 | Lair:3   | Reached skill level 10 in Shields
 18647 | Lair:3   | Reached XP level 14. HP: 116/125 MP: 20/20
 18881 | Lair:3   | Found a staircase to the Snake Pit.
 19283 | Lair:4   | Reached skill level 12 in Fighting
 19286 | Lair:4   | Reached skill level 10 in Invocations
 19449 | Lair:4   | Found a shimmering altar of Xom.
 20926 | Lair:5   | Found a staircase to the Slime Pits.
 21807 | D:4      | Bought a pair of pitted boots for 228 gold pieces
 21807 | D:4      | Identified the +0 pair of boots of Beogh's Esteem {Will+++
                  | Str+7 Int-4 Slay+2} (You bought it in a shop on level 4 of
                  | the Dungeon)
 22102 | Lair:6   | Entered Level 6 of the Lair of Beasts
 23102 | Lair:6   | Reached XP level 15. HP: 134/134 MP: 22/22
 23672 | Lair:6   | Reached skill level 1 in Dodging
 25264 | D:11     | Reached skill level 13 in Fighting
 25478 | Orc:1    | Entered Level 1 of the Orcish Mines
 25493 | Orc:1    | Found a burning altar of Makhleb.
 25655 | Orc:1    | Noticed Snorg
 25666 | Orc:1    | Killed Snorg
 26178 | Orc:2    | Entered Level 2 of the Orcish Mines
 26746 | Orc:2    | Found a staircase to the Elven Halls.
 26989 | Orc:2    | Noticed an orc warlord
 27013 | Orc:2    | Killed an orc warlord
 27123 | Orc:2    | Found Semahek's Distillery.
 27147 | Orc:2    | Bought a potion of heal wounds for 60 gold pieces
 27147 | Orc:2    | Bought a potion of curing for 36 gold pieces
 27147 | Orc:2    | Bought a potion of curing for 36 gold pieces
 27166 | Orc:2    | Found Acwush's Jewellery Shop.
 28021 | Orc:2    | Found Wuda's Antique Armour Emporium.
 28029 | Orc:2    | Bought a glowing chain mail for 262 gold pieces
 28048 | Orc:2    | Found Doitehyo's Magic Scroll Shoppe.
 28097 | Orc:2    | Bought a scroll of acquirement for 676 gold pieces
 28097 | Orc:2    | Bought a scroll of summoning for 123 gold pieces
 28097 | Orc:2    | Bought a scroll of blinking for 97 gold pieces
 28325 | D:13     | Found a gate to the Vaults.
 28891 | D:13     | Reached XP level 16. HP: 131/144 MP: 23/23
 29459 | D:14     | Noticed Kirke
 29491 | D:14     | Killed Kirke
 29499 | D:14     | Found a transporter.
 29499 | D:14     | Noticed a juggernaut
 29963 | D:14     | Found a sparkling altar of Nemelex Xobeh.
 29963 | D:14     | Found a transporter.
 29969 | D:14     | Found a transporter.
 29969 | D:14     | Found a transporter.
 29971 | D:14     | Found a transporter.
 29979 | D:14     | Found a transporter.
 30167 | D:15     | Entered Level 15 of the Dungeon
 30169 | D:15     | Acquired a manual of Invocations
 30305 | D:15     | Found a staircase to the Depths.
 31082 | D:15     | Identified the +0 falchion of Red Wine {drain, rElec Int+5}
 31440 | D:15     | Reached skill level 14 in Fighting
 31736 | Swamp:1  | Entered Level 1 of the Swamp
 32149 | Snake:1  | Entered Level 1 of the Snake Pit
 32156 | Lair:3   | Reached skill level 5 in Dodging
 32508 | Snake:1  | Noticed Frances
 32530 | Snake:1  | Killed Frances
 33078 | Snake:1  | Found Quhuatul's Antique Armour Boutique.
 33087 | Snake:1  | Bought an ancient scale mail for 342 gold pieces
 33087 | Snake:1  | Identified the +1 scale mail of Enuostri {Regen+} (You
                  | bought it in a shop on level 1 of the Snake Pit)
 33172 | Snake:1  | HP: 6/146 [salamander/+0 halberd (11)]
 33689 | Snake:1  | Identified the +6 short sword "Zatuetsa" {drain, rF- rCorr
                  | Str+4 Dex+2}
 34156 | Snake:2  | Reached XP level 17. HP: 113/152 MP: 26/26
 35189 | Snake:3  | Reached skill level 10 in Evocations
 35892 | Snake:3  | Found Gess's Goods Gallery.
 36502 | Snake:4  | Entered Level 4 of the Snake Pit
 38687 | Snake:4  | Reached skill level 15 in Fighting
 38716 | Snake:4  | HP: 5/156 [salamander mystic/+0 quarterstaff (13)]
 38725 | Snake:2  | Slain by a black mamba

Illustrated notes

Levels and vault maps discovered:
D:1:      matt_arrival_spirals, layout_loops_ring,
          hellmonk_ecumenical_altar_lost_god, serial_shops, nicolae_shop_stone
D:2:      layout_rooms, st_stairs_11, minmay_heptomino_o4
D:3:      layout_basic, led_sif_book, nicolae_tso_swordbearing_angel
D:4:      layout_basic, serial_shops, nicolae_shop_stone, kennysheep_mini_moat,
          nicolae_square_shop
D:5:      layout_basic, nicolae_stop_n_shop_2, roderic_roman_lattice,
          uniq_sigmund
D:6:      layout_loops_ring, minmay_temple_entry_large_hall,
          hellmonk_ghost_happy_afterlife
D:7:      layout_rooms, lemuel_crystal_altar, minmay_checkerbox
D:8:      layout_loops_cross, minmay_misc_feat_plants, minivault_11
D:9:      layout_loops_ring, uniq_amaemon, uniq_gastronok, uniq_grum,
          uniq_pikel, uniq_erica
D:10:     layout_basic, nicolae_overflow_crystal_walls,
          grunt_temple_overflow_champion_of_chaos,
          grunt_lair_entry_orc_guard_hut, orc_david_3,
          hellmonk_guarded_unrand_vitality_bloodlust
D:11:     layout_roguey [special_room_bee], kennysheep_generic_room_16
D:12:     layout_basic
D:13:     layout_irregular_city, david_vaults_3
D:14:     layout_roguey, nicolae_water_bricks, hellmonk_jugg_or_not, uniq_kirke
D:15:     hangedman_depths_entry_try_elsewhere_first, layout_small_grid,
          skrybe_limestone_x
Temple:   eino_temple_scatter_basement
Lair:1:   layout_hall_layers, st_stairs_11, lemuel_fruit_fields
Lair:2:   nzn_winding_woodlands_medium [nzn_winding_woodlands_5x5_open_star,
          nzn_winding_woodlands_5x15_eye, nzn_winding_woodlands_5x5_three,
          nzn_winding_woodlands_5x5_perimeter,
          nzn_winding_woodlands_center_diamonds,
          nzn_winding_woodlands_5x5_cross, nzn_winding_woodlands_hourglass,
          nzn_winding_woodlands_5x15_longhouse,
          nzn_winding_woodlands_5x5_checkerboard], layout_cellular_growth,
          minmay_swamp_entry_worms, basic_altar, grunt_megastairs_4,
          lemuel_fruit_fields, uniq_sonja, uniq_harold
Lair:3:   layout_gridlike, minmay_snake_entry_guardpost_medium,
          serial_bayou_shore_a, lemuel_fruit_fields
Lair:4:   layout_cellular_growth, basic_altar, beast_lair_carwin_1
Lair:5:   layout_loops_ring, minmay_slime_entry_jelly_boxes,
          minmay_stone_trees_small, chequers_serial_rivers_room_a,
          infiniplex_staircase_pool
Lair:6:   grunt_lair_end_beastmaster, layout_cave_pods, minmay_hedge_maze,
          nicolae_quartered_pool_super, infiniplex_staircase_pool_2
Swamp:1:  layout_basic_swamp, evilmike_swamp_ruin_house_1
Snake:1:  layout_rooms, serial_shops, shop, uniq_frances
Snake:2:  layout_basic, drop_trap, lemuel_fruit_tree
Snake:3:  layout_misc_corridors, nicolae_alphabet_shops
Snake:4:  snake_pit, layout_cave_shapes, nicolae_snake_linked_coils
Orc:1:    layout_caves, basic_altar, bloody_makhleb, uniq_snorg
Orc:2:    pubby_orc_utopia

Skill      XL: |  1  2  3  4  5  6  7  8  9 10 11 12 13 14 15 16 17 |
---------------+----------------------------------------------------+-----
Shields        | 3 4 5 6 7 8 9 10 11 12 | 12.7
Armour         | 3 4 5 6 7 8 9 10 11 12 | 12.7
Unarmed Combat | 3 4 5 6 7 8 10 11 12 13 14 | 14.7
Fighting       | 4 5 6 8 9 10 11 12 13 14 15 | 15.0
Invocations    | 1 4 6 8 9 11 13 14 | 14.8
Evocations     | 1 4 6 7 8 9 10 | 10.5
Dodging        | 3 5 6 |  6.8

Action                   |  1- 3 |  4- 6 |  7- 9 | 10-12 | 13-15 | 16-18 || total
-------------------------+-------+-------+-------+-------+-------+-------++-------
Melee: Unarmed           |    98 |   173 |   366 |   350 |  1214 |   783 ||  2984
Throw: Throwing net      |       |     1 |       |       |     1 |       ||     2
       Dart              |       |       |       |       |     1 |       ||     1
Invok: Stomp             |       |       |       |       |     2 |       ||     2
Evoke: Wand              |       |       |    10 |     8 |     6 |       ||    24
  Use: Scroll            |       |    14 |     8 |     8 |     6 |     3 ||    39
       Potion            |       |       |     3 |     3 |       |     1 ||     7
 Stab: Held in net/web   |       |     1 |       |       |       |       ||     1
       Paralysed         |       |       |    15 |    24 |   101 |    66 ||   206
       Petrified         |       |       |       |       |     4 |       ||     4
Armor: Scale mail        |    27 |    57 |    36 |       |       |       ||   120
       Plate armour      |       |       |   188 |   210 |   520 |   395 ||  1313
       Chain mail        |       |       |       |       |    61 |       ||    61
Dodge: Dodged            |    35 |    52 |   122 |    93 |   332 |   248 ||   882
Block: Buckler           |    11 |    19 |    76 |    89 |   391 |   178 ||   764
       Reflection        |       |       |       |       |     1 |    18 ||    19
       Tower shield      |       |       |       |       |       |   310 ||   310

Table legend: (Time is in decaauts)
 A = Elapsed time spent in this place.
 B = Non-inter-level travel time spent in this place.
 C = Inter-level travel time spent in this place.
 D = Time resting spent in this place.
 E = Time spent auto-exploring this place.
 F = Levels seen in this place.
 G = Mean time per level.
                   A        B        C        D        E       F      G
               +--------+--------+--------+--------+--------+-----+--------+
         Total |  38402 |  36280 |   2122 |   5271 |  24426 |  29 | 1324.2 |
       Dungeon |  20075 |  18827 |   1248 |   2709 |  12453 |  15 | 1338.3 |
        Temple |     42 |     42 |      0 |      0 |     10 |   1 |   42.0 |
          Lair |   9209 |   8448 |    761 |    946 |   6351 |   6 | 1534.8 |
         Swamp |    372 |    351 |     21 |      0 |    280 |   1 |  372.0 |
     Snake Pit |   6007 |   5945 |     62 |   1614 |   3310 |   4 | 1501.8 |
  Orcish Mines |   2694 |   2666 |     28 |      0 |   2021 |   2 | 1347.0 |
               +--------+--------+--------+--------+--------+-----+--------+

Top non-repeatable levels by time:
 Snake:3: 2602 daAuts
    D:10: 2472 daAuts
     D:9: 2033 daAuts
   Orc:2: 1992 daAuts
  Lair:3: 1955 daAuts
  Lair:2: 1953 daAuts
     D:6: 1823 daAuts
  Lair:6: 1803 daAuts
    D:11: 1801 daAuts
 Snake:1: 1450 daAuts
  Lair:4: 1420 daAuts
     D:8: 1384 daAuts
     D:5: 1381 daAuts
     D:4: 1374 daAuts
    D:15: 1351 daAuts
